 Dungeon Crawl Stone Soup version 0.29-a0-362-g5854e031c7 (webtiles) character file.

Game seed: 6621858817426376912

4 spiderkeys the Skirmisher (level 1, 0/18 HPs)
             Began as a Mummy Abyssal Knight on Apr 30, 2022.
             Was a Believer of Lugonu.
             Slain by a ball python (1 damage)
             ... on level 1 of the Dungeon.
             The game lasted 00:00:22 (270 turns).

spiderkeys the Skirmisher (Mummy Abyssal Knight)     Turns: 270, Time: 00:00:23

Health: 0/18       AC:  3    Str: 16    XL:     1   Next: 58%
Magic:  2/2        EV:  8    Int:  9    God:    Lugonu [**....]
Gold:   0          SH:  0    Dex: 12    Spells: 0/0 levels left

rFire   x . .      SeeInvis .   a - +1 spear
rCold   + + .      Faith    .   (no shield)
rNeg    + + +      Spirit   .   c - +0 leather armour {rC+}
rPois   ∞          Reflect  .   (no helmet)
rElec   .          Harm     .   (no cloak)
rCorr   .          Rampage  .   (no gloves)
Will    .....                   (no boots)
Stlth   +.........              (no amulet)
HPRegen 0.06/turn               (no ring)
MPRegen 0.08/turn               (no ring)

@: constricted
A: cold resistance 1, negative energy resistance 3, torment resistance 2, heat
vulnerability 1, no potions
a: Renounce Religion, Depart the Abyss, Bend Space


You were on level 1 of the Dungeon.
You worshipped Lugonu.
Lugonu was pleased with you.
You visited 1 branch of the dungeon, and saw 1 of its levels.
You visited the Abyss 1 time.


Innate Abilities, Weirdness & Mutations

You are immune to poison.
Your flesh is cold resistant. (rC+)
You are immune to negative energy. (rN+++)
You are immune to unholy pain and torment.
You are vulnerable to heat. (rF-)
You do not drink.


   Skills:
 + Level 3.0 Fighting
 + Level 1.6 Polearms
 - Level 1.5 Armour
 + Level 0.9 Dodging
 + Level 1.7 Invocations


You couldn't memorise any spells.
You didn't know any spells.
Your spell library was empty.

Inventory:

Hand Weapons
 a - a +1 spear (weapon)
Armour
 b - a +0 leather armour
 c - a +0 leather armour of cold resistance (worn)
   (You found it on level 1 of the Dungeon)

Dungeon Overview and Level Annotations

Branches:
Dungeon (1/15)

Altars:

# ## .# .# #. #.###.
#..#. ###.##..S###.##.
........@†......
##.###.####.##.## #..#
..# #..# ... #..# #.#
#..# #.# ######..####
#.### ............#
#...##
.####....)..####.#..###


You could see a ball python.


Message History

Lugonu accepts your kill.
You hit the goblin.
The goblin hits you with a +0 dagger. 😕 HP[-3]
You take 3 damage, and now have 15/18 hp.
You closely miss the goblin.
The goblin hits you with a +0 dagger. 😮 HP[-3]
You take 3 damage, and now have 12/18 hp.
You are too injured to fight recklessly!
You are too injured to fight recklessly!
You are too injured to fight recklessly!
You are too injured to fight recklessly!
You closely miss the goblin. The goblin hits you with a +0 dagger.
* * * LOW HITPOINT WARNING * * *
😨 HP[-3]
You take 3 damage, and now have 9/18 hp.
You hit the goblin.
You kill the goblin!
Lugonu accepts your kill. The rat bites you but does no damage.
You hit the rat but do no damage. The rat bites you.
* * * LOW HITPOINT WARNING * * *
😨 HP[-1]
You take 1 damage, and now have 8/18 hp.
You hit the rat.
You kill the rat!
Lugonu accepts your kill.
You see here a rat corpse.
Key pressed, stopping explore.
Key pressed, stopping explore.
You see here a rat corpse.
Things that are here:
a +0 dagger; a goblin corpse; 😎 HP[+10]
Your hp is fully restored (18).
c - a +0 leather armour of cold resistance You start removing your armour.
You continue taking off your +0 leather armour. x4
You finish taking off your +0 leather armour.
You start putting on your armour.
You continue putting on your +0 leather armour of cold resistance. x5
You finish putting on your +0 leather armour of cold resistance.
You feel resistant to cold.
A hobgoblin comes into view.
A hobgoblin is nearby!
A hobgoblin is nearby!
The hobgoblin shouts!
You hear a shout!
A kobold comes into view. It is wielding a +0 club.
You closely miss the hobgoblin. The hobgoblin closely misses you.
The kobold throws a stone.
The stone hits you. 😕 HP[-2]
You take 2 damage, and now have 16/18 hp.
You hit the hobgoblin. The hobgoblin barely misses you.
You hit the hobgoblin but do no damage. The hobgoblin hits you. 😮 HP[-4]
You take 4 damage, and now have 12/18 hp.
MASSIVE DAMAGE!! (PAUSE)
You hit the hobgoblin.
You kill the hobgoblin!
Lugonu accepts your kill.
You closely miss the kobold.
A ball python comes into view.
The kobold hits you with a +0 club. 😮 HP[-1]
You take 1 damage, and now have 11/18 hp.
You closely miss the kobold. The kobold hits you with a +0 club.
* * * LOW HITPOINT WARNING * * *
😨 HP[-2]
You take 2 damage, and now have 9/18 hp.
You closely miss the kobold.
The ball python hisses angrily.
The kobold barely misses you.
You closely miss the kobold. The kobold misses you.
You barely miss the kobold. The kobold hits you with a +0 club.
* * * LOW HITPOINT WARNING * * *
😨 HP[-1]
You take 1 damage, and now have 8/18 hp.
You closely miss the kobold. The kobold hits you but does no damage.
You closely miss the kobold. The kobold closely misses you.
You hit the kobold. The kobold hits you with a +0 club.
* * * LOW HITPOINT WARNING * * *
😨 HP[-2]
You take 2 damage, and now have 6/18 hp.
You hit the kobold.
You kill the kobold!
Lugonu accepts your kill.
You hit the ball python but do no damage.
The ball python bites you.
* * * LOW HITPOINT WARNING * * *
The ball python grabs you. The ball python constricts you.
The ball python bites you.
* * * LOW HITPOINT WARNING * * *
The ball python constricts you.
You hit the ball python.
The ball python bites you but does no damage.
The ball python constricts you.
* * * LOW HITPOINT WARNING * * *
😱 HP[-5]
You take 5 damage, and now have 1/18 hp.
MASSIVE DAMAGE!! (PAUSE)
You closely miss the ball python. The ball python bites you.
You die...

Action                   || total
-------------------------++-------
Melee: Spear             ||    23
Armor: Leather armour    ||     3
Dodge: Dodged            ||     5

Levels and vault maps discovered:
D:1:      dpeg_arrival_arbitrary_c, layout_loops_ring

Notes
Turn   | Place    | Note
-------+----------+-------------------------------------------
     0 | Abyss:1  | spiderkeys the Mummy Abyssal Knight began the quest for the
                  | Orb.
     0 | Abyss:1  | Reached XP level 1. HP: 18/18 MP: 2/2
     0 | Abyss:1  | magus.rc [v1.11.3]
     2 | Abyss:1  | Found a corrupted altar of Lugonu.
    53 | D:1      | You pass through the gate.
    53 | D:1      | Escaped the Abyss
   268 | D:1      | HP: 2/18 [ball python (3)]
   270 | D:1      | Slain by a ball python

Vanquished Creatures
  A goblin (D:1)
  A hobgoblin (D:1)
  A frilled lizard (D:1)
  A kobold (D:1)
  A rat (D:1)
5 creatures vanquished.

Table legend:
 A = Non-vault XP
 B = Vault XP
 C = Vault XP percentage of total XP
 D = Non-vault monster count
 E = Vault monster count
 F = Vault count percentage of total count
                 A         B        C        D         E       F
            +---------+---------+-------+---------+---------+-------
      Total |       7 |       0 |   0.0 |       5 |       0 |   0.0
            +---------+---------+-------+---------+---------+-------
        D:1 |       7 |       0 |   0.0 |       5 |       0 |   0.0
            +---------+---------+-------+---------+---------+-------

Illustrated notes

Table legend:
 A = Kills in this place as a percentage of kills in entire the game.
 B = Kills by you in this place as a percentage of kills by you in the entire game.
 C = Kills by friends in this place as a percentage of kills by friends in the entire game.
 D = Other kills in this place as a percentage of other kills in the entire game.
 E = Experience gained in this place as a percentage of experience gained in the entire game.
 F = Experience gained in this place divided by the number of levels of this place that you have seen.
                   A       B       C       D       E      F
               +-------+-------+-------+-------+-------+----------------------
         Total | 100.0 | 100.0 |   N/A |   N/A | 100.0 |   3.5
       Dungeon | 100.0 | 100.0 |   N/A |   N/A | 100.0 |   7.0
               +-------+-------+-------+-------+-------+----------------------

Table legend: (Time is in decaauts)
 A = Elapsed time spent in this place.
 B = Non-inter-level travel time spent in this place.
 C = Inter-level travel time spent in this place.
 D = Time resting spent in this place.
 E = Time spent auto-exploring this place.
 F = Levels seen in this place.
 G = Mean time per level.
                   A        B        C        D        E       F      G
               +--------+--------+--------+--------+--------+-----+--------+
         Total |    269 |    269 |      0 |      0 |    216 |   2 |  134.5 |
       Dungeon |    216 |    216 |      0 |      0 |    175 |   1 |  216.0 |
         Abyss |     53 |     53 |      0 |      0 |     41 |   1 |   53.0 |
               +--------+--------+--------+--------+--------+-----+--------+

Top non-repeatable levels by time:
     D:1: 216 daAuts
 Abyss:1: 53 daAuts
